 Dungeon Sprint DCSS version 0.18.1-48-g4cf74bf (webtiles) character file.

58 Enroth the Ducker (level 3, -4/39 HPs)
             Began as a Troll Fighter on July 7, 2016.
             Splashed by an oklob sapling priest's acid (10 damage)
             ... in the Dungeon (Sprint IV: "Fedhas' Mad Dash").
             The game lasted 00:02:04 (128 turns).

Enroth the Ducker (Troll Fighter)                    Turns: 128, Time: 00:02:04

Health: -4/39      AC:  7    Str: 25    XL:     3   Next: 75%
Magic:  0/2        EV:  9    Int:  4    God:
Gold:   47         SH:  9    Dex:  9    Spells: 0 memorised, 2 levels left

rFire  . . .     SeeInvis .     a - +0 flail
rCold  . . .     Gourm    +     b - +0 robe
rNeg   . . .     Faith    .     c - +0 shield
rPois  .         Spirit   .     (helmet restricted)
rElec  .         Dismiss  .     l - +1 cloak {+Inv}
rCorr  .         Reflect  .     (gloves unavailable)
SustAt .         Harm     .     (boots unavailable)
MR     .....     NoTele   +     (no amulet)
Stlth  +.........               (no ring)
                                (no ring)

@: very slightly contaminated, invisible, not resistant to hostile enchantments,
very unstealthy
A: unfitting armour, claws 3, fast metabolism 3, gourmand, regeneration 2,
shaggy fur 1, tough skin 2
a: Turn Visible


You were in the Dungeon.
You were not hungry.

You visited 1 branch You collected 47 gold pieces.

Inventory:

Hand Weapons
 a - a +0 flail (weapon)
Armour
 b - a +0 robe (worn)
 c - a +0 shield (worn)
 l - a +1 cloak of invisibility (worn)
Scrolls
 k - a scroll of blinking
 m - a scroll of remove curse {unknown}
Potions
 d - a potion of might
 e - a potion of curing
 g - a potion of heal wounds
 h - a potion of haste
 i - 2 potions of magic
 j - a potion of berserk rage
Comestibles
 f - 2 bread rations


   Skills:
 + Level 4.0 Fighting
 + Level 2.4 Maces & Flails
 + Level 4.3 Dodging
 + Level 0.2 Stealth
 + Level 4.1 Shields


You had 2 spell levels left.
You didn't know any spells.

Dungeon Overview and Level Annotations

Branches:
Dungeon (1/1)

Altars:
Cheibriados
Dithmenos
Elyvilon
Gozag
Kikubaaqudgha
Makhleb
Nemelex Xobeh
Okawaru
Pakellas
Ru
Sif Muna
Trog
Vehumet
Xom
Yredelemnul
Zin
The Shining One
Beogh
Jiyva
Lugonu

Annotations:
D exclusion: oklob sapling


Innate Abilities, Weirdness & Mutations

You are too large for most types of armour.
You have claws for hands.
Your metabolism is lightning-fast.
You like to eat raw meat.
You heal very quickly.
You are covered in fur (AC +1).
You have very tough skin (AC +2).


Message History

Marking area around the oklob sapling priest as unsafe for travelling.
An oklob sapling priest comes into view.
Found nine altars.
Found three altars.
There is an open door here.
Found two altars.
Found a shadowy altar of Dithmenos.
There is a snail-covered altar of Cheibriados here.
Found an iron altar of Okawaru and a shimmering altar of Xom.
Found an opulent altar of Gozag.
There is a glowing silver altar of Zin here.
Found a basalt altar of Yredelemnul and a roughly hewn altar of Beogh.
You hit the oklob sapling priest but do no damage.
The oklob sapling priest spits acid at you.
The splash of acid hits you!
The acid burns!
The oklob sapling priest spits acid at you.
The splash of acid hits you!
* * * LOW HITPOINT WARNING * * *
The acid burns!
You die...

########################
.....#.....#.⌠...._....⌠
.[...'.#...'._._@_._._._
.....#.#...#_._._P_._._.
#########+##._._._._._._
#.⌠...._....⌠
#############


You could see an oklob sapling priest.

Vanquished Creatures
  An oklob sapling (D)
  A worker ant (D)
  A river rat (D)
  A rat (D)
4 creatures vanquished.

Notes
Turn   | Place    | Note
--------------------------------------------------------------
     0 | D        | Enroth the Troll Fighter began the quest for the Orb.
     0 | D        | Reached XP level 1. HP: 22/22 MP: 0/0
    11 | D        | Reached XP level 2. HP: 26/31 MP: 1/1
    23 | D        | Noticed an oklob sapling
    26 | D        | Killed an oklob sapling
    26 | D        | Reached XP level 3. HP: 7/37 MP: 2/2
   121 | D        | Found a snail-covered altar of Cheibriados.
   121 | D        | Found a glowing silver altar of Zin.
   121 | D        | Found a white marble altar of Elyvilon.
   121 | D        | Found a viscous altar of Jiyva.
   121 | D        | Found a radiant altar of Vehumet.
   121 | D        | Found a deep blue altar of Sif Muna.
   121 | D        | Found an ancient bone altar of Kikubaaqudgha.
   121 | D        | Found a bloodstained altar of Trog.
   121 | D        | Found a corrupted altar of Lugonu.
   121 | D        | Noticed an oklob sapling priest
   122 | D        | Found a burning altar of Makhleb.
   122 | D        | Found an oddly glowing altar of Pakellas.
   122 | D        | Found a sacrificial altar of Ru.
   123 | D        | Found a glowing golden altar of the Shining One.
   123 | D        | Found a sparkling altar of Nemelex Xobeh.
   124 | D        | Found a shadowy altar of Dithmenos.
   125 | D        | Found an iron altar of Okawaru.
   125 | D        | Found a shimmering altar of Xom.
   126 | D        | Found an opulent altar of Gozag.
   127 | D        | Found a basalt altar of Yredelemnul.
   127 | D        | Found a roughly hewn altar of Beogh.
   128 | D        | Splashed by an oklob sapling priest's acid

Skill      XL: |  1  2  3 |
---------------+----------+-----
Fighting       | 3 4 |  4.0
Maces & Flails | 2 |  2.4
Dodging        | 3 4 |  4.3
Shields        | 3 4 |  4.1
Stealth        | |  0.2

Action                   || total
-------------------------++-------
Melee: Flail             ||    14
 Abil: Evoke Invisibilit ||     1
 Stab: Sleeping          ||     1
  Eat: Chunk             ||     1
Armor: Robe              ||     4
Dodge: Dodged            ||     3
Block: Shield            ||    10
